Map: Automaton LE

Players

hiqsa - Winner!

  • Race: Protoss Protoss
  • League: Gold
  • Spawn Location: 9:00

Smileblind

  • Race: Terran Terran
  • League: Silver
  • Spawn Location: 3:00

VOD

Have the link to the VOD?

Description

Time

  • Played on: Jan. 16, 2019, 4:26 a.m.
  • Length: 19:43
Show
View Real Time Build Order
Export as new Build Order

hiqsa Protoss - Winner!

Build Orders:  

Get SALT Encoding   

  12  0:01  Probe  
  13  0:13  Probe  
  14  0:19  Pylon  
  14  0:26  Probe  
  15  0:34  Probe  
  15  0:42  Probe  
  17  0:53  Probe  
  18  1:05  Probe  
  19  1:15  Nexus  
  19  1:24  Probe  
  20  1:26  Gateway  
  20  1:30  Pylon  
  20  1:36  Probe  
  21  1:44  Probe  
  21  1:46  Assimilator  
  21  1:52  Gateway  
  21  1:53  Probe  
  23  2:13  Assimilator, Zealot  
  25  2:17  Cybernetics Core  
  25  2:19  Probe  
  26  2:27  Probe  
  27  2:33  Probe  
  27  2:35  Forge  
  28  2:39  Pylon  
  28  2:46  Zealot  
  28  2:47  Stalker, Probe  
  28  2:49  Probe  
  32  2:56  Warp Gate  
  34  2:59  Probe  
  34  3:00  Protoss Ground Weapons Level 1  
  34  3:05  Probe  
  37  3:12  Probe  
  37  3:19  Stalker  
  39  3:21  Probe  
  40  3:27  Stalker  
  40  3:29  Probe  
  43  3:36  Probe  
  43  3:40  Pylon  
  44  3:43  Probe  
  45  3:48  Probe  
  45  3:51  Stalker  
  45  3:55  Probe  
  49  4:00  Twilight Council  
  49  4:03  Gateway, Probe  
  49  4:09  Assimilator  
  50  4:11  Stalker  
  52  4:17  Photon Cannon  
  52  4:21  Pylon  
  52  4:27  Probe x2  
  54  4:34  Blink  
  54  4:36  Robotics Facility  
  54  4:40  Probe  
  54  4:41  Probe  
  54  4:44  Protoss Ground Weapons Level 2  
  56  4:50  Assimilator  
  56  4:51  Photon Cannon  
  56  4:53  Probe  
  56  4:58  Zealot x2  
  61  5:06  Probe x2  
  63  5:18  Probe  
  63  5:19  Probe  
  64  5:28  Probe  
  64  5:32  Probe  
  66  5:36  Probe  
  67  5:44  Probe  
  67  5:48  Probe  
  69  5:54  Nexus  
  69  5:55  Pylon  
  69  5:56  Probe  
  70  6:01  Pylon  
  70  6:02  Pylon  
  70  6:12  Observer  
  70  6:13  Probe, Pylon  
  70  6:17  Pylon  
  72  6:20  Sentry x2  
  72  6:22  Stalker  
  72  6:23  Probe  
  79  6:26  Observer  
  79  6:30  Pylon  
  79  6:32  Probe  
  80  6:39  Photon Cannon  
  81  6:43  Photon Cannon  
  81  6:46  Immortal  
  81  6:47  Pylon  
  81  6:53  Photon Cannon  
  85  6:54  Protoss Ground Weapons Level 3  
  85  6:58  Shield Battery  
  85  7:01  Photon Cannon  
  85  7:04  Pylon  
  85  7:05  Probe  
  85  7:06  Probe x2  
  85  7:07  Charge  
  88  7:17  Probe  
  88  7:18  Probe x2  
  91  7:23  Robotics Bay  
  91  7:25  Gateway  
  91  7:27  Gateway  
  91  7:29  Probe  
  91  7:30  Pylon, Probe x2  
  94  7:39  Pylon  
  94  7:49  Assimilator  
  94  7:50  Immortal  
  94  7:54  Probe  
  94  7:55  Probe  
  100  8:11  Probe x3  
  102  8:18  Assimilator  
  102  8:21  Robotics Facility  
  102  8:27  Gateway x2  
  102  8:29  Gateway  
  102  8:31  Photon Cannon  
  102  8:32  Pylon  
  102  8:35  Gateway  
  102  8:41  Gateway  
  102  8:44  Photon Cannon  
  102  8:46  Photon Cannon  
  102  8:48  Photon Cannon  
  102  8:52  Photon Cannon, Colossus  
  102  8:55  Gateway, Pylon  
  102  8:57  Gateway  
  102  9:05  Extended Thermal Lance  
  108  9:11  Forge  
  108  9:13  Gateway  
  108  9:16  Gateway, Protoss Ground Armor Level 1, Pylon, Observer  
  108  9:18  Pylon  
  109  9:24  Protoss Shields Level 1  
  109  9:28  Probe x2  
  111  9:34  Observer  
  111  9:35  Nexus  
  112  9:38  Dark Shrine  
  112  9:44  Colossus  
  112  9:47  Probe x3  
  115  9:55  Observer  
  122  10:17  Observer  
  123  10:27  Pylon  
  123  10:49  Gravitic Drive  
  123  10:53  Nexus  
  123  11:06  Colossus  
  123  11:07  Observer  
  129  11:17  Stalker x4  
  129  11:18  Stalker x3  
  143  11:19  Stalker x3  
  143  11:20  Stalker x3  
  155  11:25  Protoss Shields Level 2  
  155  11:27  Colossus  
  161  11:33  Protoss Ground Armor Level 2  
  161  11:36  Gravitic Boosters  
  161  11:38  Assimilator  
  161  11:42  Assimilator  
  161  11:58  Photon Cannon  
  161  11:59  Photon Cannon  
  161  12:01  Photon Cannon  
  161  12:02  Pylon  
  161  12:04  Pylon  
  161  12:58  Nexus  
  161  13:03  Assimilator  
  161  13:06  Shadow Stride, Assimilator  
  161  13:07  Warp Prism  
  163  14:18  Protoss Ground Armor Level 3  
  163  14:19  Protoss Shields Level 3, Pylon  
  163  14:21  Pylon  
  163  14:30  Pylon  
  163  14:36  Observer x2  
  165  14:46  Pylon  
  165  14:53  Zealot x3  
  165  14:54  Zealot x3  
  165  14:55  Zealot x4  
  165  14:56  Zealot x2  
  165  14:57  Zealot  
  191  15:15  Dark Templar x2  
  191  15:17  Dark Templar x2  
  191  15:18  Zealot  
  172  16:35  Archon x2  
  172  17:08  Zealot  
  172  17:09  Zealot x6  
  172  17:10  Zealot  
  172  17:12  Dark Templar x2  
  192  17:19  Archon  
  192  17:27  Observer  
  192  17:34  Observer  
  185  19:25  Nexus  
  185  19:29  Assimilator  
  187  19:32  Assimilator  
  187  19:36  Pylon  
  187  19:39  Pylon  
Show
View Real Time Build Order
Export as new Build Order

Smileblind Terran 

Build Orders:  

Get SALT Encoding   

  12  0:04  SCV  
  13  0:25  SCV, Supply Depot  
  14  0:37  SCV  
  14  0:41  Refinery  
  15  0:48  Supply Depot  
  15  1:05  Barracks  
  15  1:06  SCV  
  16  1:11  Supply Depot  
  16  1:37  Barracks  
  16  1:51  Refinery  
  16  2:01  Orbital Command  
  16  2:17  Factory  
  16  2:24  Marine  
  17  2:34  Supply Depot  
  18  2:45  Reaper  
  18  2:48  SCV  
  19  2:57  Bunker  
  19  3:00  SCV  
  20  3:10  Factory Tech Lab  
  20  3:12  SCV  
  20  3:17  Reaper  
  22  3:24  Bunker  
  22  3:27  Reaper  
  23  3:49  Reaper  
  23  3:51  SCV  
  25  3:59  Reaper  
  26  4:03  SCV  
  27  4:15  SCV, Command Center  
  28  4:21  Reaper  
  29  4:27  SCV  
  29  4:29  Starport  
  30  4:31  Marine  
  31  4:48  SCV  
  31  4:49  Marine  
  36  4:52  Siege Tank  
  36  4:53  Marine  
  37  5:07  Marine  
  37  5:11  Marine  
  35  5:40  Marine  
  35  5:48  Starport Tech Lab  
  35  5:56  Factory  
  35  5:58  Marine  
  35  6:00  SCV  
  37  6:12  SCV  
  37  6:16  Marine  
  39  6:22  Engineering Bay  
  39  6:24  SCV  
  40  6:26  Medivac  
  40  6:28  Cloaking Field  
  42  6:33  Marine  
  42  6:35  Cyclone  
  42  6:36  SCV  
  42  6:38  Marine  
  48  6:48  SCV  
  48  6:51  Marine  
  50  6:56  Medivac, Marine  
  50  6:58  Sensor Tower  
  53  7:09  Marine  
  53  7:10  Hellion  
  56  7:20  Neosteel Armor  
  56  7:26  Banshee  
  56  7:27  Missile Turret, Marine  
  60  7:31  Hellion  
  62  7:48  Refinery  
  62  7:50  Missile Turret  
  62  8:10  Supply Depot  
  62  8:15  Rapid Reignition System  
  62  8:21  Missile Turret  
  62  8:31  Banshee, Marine  
  62  8:32  SCV, Hellion  
  69  8:35  Command Center  
  69  8:44  SCV  
  70  9:01  Terran Infantry Weapons Level 1  
  70  9:17  Bunker  
  70  9:38  Supply Depot  
  70  9:46  Banshee, Marine  
  70  9:47  SCV, Hellion  
  70  9:48  Supply Depot  
  77  9:59  SCV  
  78  10:00  SCV  
  78  10:01  Supply Depot  
  78  10:04  Marine  
  80  10:08  Hellion  
  80  10:10  Supply Depot  
  80  10:11  SCV, Missile Turret  
  80  10:12  SCV  
  84  10:15  Marine  
  85  10:23  SCV  
  86  10:33  Supply Depot, Marine  
  86  10:34  Missile Turret  
  86  10:35  SCV  
  88  10:40  SCV  
  89  10:47  SCV  
  89  10:49  Refinery  
  90  10:51  Marine  
  90  10:53  SCV  
  90  10:55  Hi-Sec Auto Tracking  
  92  10:58  Siege Tank  
  92  10:59  SCV, Supply Depot  
  96  11:05  SCV  
  96  11:09  Marine  
  98  11:17  SCV  
  99  11:26  Marine  
  99  11:29  SCV  
  99  11:31  Siege Tank  
  95  11:41  SCV  
  95  11:45  Factory  
  96  11:53  SCV  
  99  11:56  Widow Mine  
  99  12:05  SCV  
  100  12:14  Supply Depot  
  100  12:16  SCV  
  100  12:17  SCV, Missile Turret, Widow Mine  
  100  12:21  Terran Infantry Armor Level 1  
  104  12:28  SCV  
  104  12:29  SCV  
  106  12:38  Factory Tech Lab  
  106  12:39  Widow Mine  
  106  12:40  SCV, Sensor Tower  
  109  12:52  SCV, Mag-Field Accelerator  
  110  13:00  Widow Mine  
  110  13:05  SCV, Siege Tank  
  116  13:11  Cyclone  
  119  13:21  Widow Mine  
  121  13:28  Supply Depot  
  121  13:29  Refinery  
  121  13:30  SCV, Refinery  
  122  13:37  Siege Tank  
  125  13:42  SCV  
  125  13:43  Cyclone  
  125  13:47  Liberator  
  129  13:54  SCV  
  130  14:06  SCV  
  130  14:09  Siege Tank  
  137  14:15  Cyclone  
  140  14:19  SCV  
  140  14:22  Marine  
  142  14:26  Hellion  
  142  14:39  Marine  
  142  14:41  Siege Tank  
  142  14:42  Marine  
  147  14:47  Hellion  
  149  14:56  Supply Depot  
  149  14:59  Missile Turret  
  149  15:08  Hyperflight Rotors, Supply Depot  
  149  15:10  Liberator  
  149  15:17  Cyclone, Siege Tank, Marine x2  
  149  15:20  Supply Depot  
  157  15:23  Missile Turret  
  157  15:27  Hellion  
  155  15:32  Supply Depot  
  155  15:35  Marine x2  
  146  15:42  Missile Turret  
  141  15:48  Hellion  
  118  15:53  Marine x2  
  105  16:10  Raven, Hellion  
  103  16:37  Marine  
  104  16:41  Hellion  
  106  16:53  Raven, Sensor Tower  
  108  16:55  Marine  
  108  16:57  Planetary Fortress  
  108  16:59  Missile Turret  
  108  17:00  Planetary Fortress  
  109  17:02  Hellion  
  111  17:09  Corvid Reactor  
  111  17:13  Marine  
  112  17:24  Hellion  
  114  17:31  Marine  
  114  17:35  Banshee  
  118  17:45  Hellion  
  118  17:49  Marine  
  105  18:06  Hellion  
  105  18:07  Marine  
  91  18:18  Banshee  
  91  18:24  Marine  
  77  18:55  Hellion  
  82  19:03  Marine  
  83  19:16  Hellion  
  82  19:21  Marine  
Tags
 
Add a new tag
Caveats
  • Supply blocks, unpowered buildings, or Contaminate may cause inaccurate times.
  • Supply counts are checked every 10 seconds.